 Dungeon Crawl Stone Soup version 0.29.1-15-g9cfb28693d (webtiles) character file.

Game seed: 13454996631798698082

67 leafyfresh the Covert (level 4, -4/31 HPs)
             Began as an Octopode Delver on Feb 24, 2023.
             Slain by Blork the orc
             ... wielding a +0 long sword
              (8 damage)
             ... on level 5 of the Dungeon.
             The game lasted 00:00:38 (74 turns).

leafyfresh the Covert (Octopode Delver)               Turns: 74, Time: 00:00:39

Health: -4/31      AC:  1    Str: 11    XL:     4   Next: 16%
Magic:  4/4        EV: 13    Int: 14    God:
Gold:   0          SH:  0    Dex: 13    Spells: 3/3 levels left

rFire   . . .      SeeInvis .   a - +0 short sword
rCold   . . .      Faith    .   (no shield)
rNeg    . . .      Spirit   .   (helmet restricted)
rPois   .          Reflect  .   (no amulet)
rElec   .          Harm     .   (no ring)
rCorr   .          Rampage  .   (no ring)
Will    .....                   (no ring)
Stlth   +++++.....              (no ring)
HPRegen 0.10/turn               (no ring)
MPRegen 0.09/turn               (no ring)
                                (no ring)
                                (no ring)

@: no status effects
A: almost no armour, amphibious, 8 rings, camouflage 1, gelatinous body 1,
(nimble swimmer 1), tentacles
a: no special abilities


You were on level 5 of the Dungeon.
You visited 1 branch of the dungeon, and saw 1 of its levels.

Inventory:

Hand Weapons
 a - a +0 short sword (weapon)
Jewellery
 g - a ring of fire
Wands
 d - a wand of charming (8)
 f - a wand of digging (3)
Scrolls
 b - a scroll of fog
 c - a scroll of magic mapping
Potions
 e - a potion of haste


   Skills:
 - Level 3.0 Fighting
 - Level 2.0 Short Blades
 - Level 2.0 Dodging
 + Level 8.7 Stealth


You had 3 spell levels left.
You didn't know any spells.
Your spell library was empty.

Dungeon Overview and Level Annotations

Branches:
Dungeon (5/15)
 Temple: D:4-7

Altars:

Annotations:
D:5 Blork the orc


Innate Abilities, Weirdness & Mutations

You cannot wear most types of armour.
You are amphibious.
You can wear up to eight rings at the same time.
Your skin changes colour to match your surroundings (Stealth+).
Your rubbery body absorbs attacks. (AC +1, EV +1)
((You are camouflaged when in or above water. (Stealth+)))
You have tentacles for arms and can constrict up to eight enemies at once.


Message History

Unknown command.
Unknown command.
The adder misses you.
Blork the orc gestures wildly while chanting.
Blork the orc seems to speed up.
The adder attacks as you move away! The adder barely misses you. x2
The adder bites you.
You closely miss the adder. You grab the adder. You constrict the adder.
The adder closely misses you.
You hit the adder.
The adder is severely wounded.
You constrict the adder. The adder closely misses you.
You hit the adder.
The adder is almost dead.
You constrict the adder.
You kill the adder!
Blork the orc hits you with a +0 long sword!
As you read the scroll of fear, it crumbles to dust.
You assume a fearsome visage.
Blork the orc looks frightened!
Unknown command.
Found 15 gold pieces.
An iguana comes into view.
An adder comes into view.
You see here a wand of charming (8).
d - a wand of charming (8)
Found a scroll of fog.
Blork the orc gestures wildly while chanting.
Blork the orc seems to speed up.
Blork the orc casts a spell at you. The puff of frost hits you.
Found a stone staircase leading up and a stone staircase leading down.
A water moccasin comes into view.
Blork the orc gestures at you while chanting.
The magic dart hits you.
* * * LOW HITPOINT WARNING * * *
Blork the orc attacks as you move away! Blork the orc closely misses you.
The water moccasin hisses angrily.
Blork the orc attacks as you move away!
Blork the orc hits you with a +0 long sword!
You die...

..........................
.....................#####
........#.###........#
....###...# ##########
....###..## .##.#.....#
.........# ##.S..?.o#
###....@# #....<# #.>...#
#.....# #######


You could see Blork the orc (fast) and a water moccasin.

Vanquished Creatures
  A scorpion (D:5)
  An adder (D:5)
2 creatures vanquished.

Notes
Turn   | Place    | Note
-------+----------+-------------------------------------------
     0 | D:5      | leafyfresh the Octopode Delver began the quest for the Orb.
     0 | D:5      | Reached XP level 1. HP: 16/16 MP: 1/1
     4 | D:5      | Noticed a scorpion
    12 | D:5      | Killed a scorpion
    13 | D:5      | Reached skill level 8 in Stealth
    13 | D:5      | Reached XP level 2. HP: 13/21 MP: 2/2
    13 | D:5      | Reached XP level 3. HP: 17/26 MP: 3/3
    13 | D:5      | Reached XP level 4. HP: 20/31 MP: 4/4
    29 | D:5      | Noticed a necrophage
    30 | D:5      | Noticed Blork the orc
    69 | D:5      | Noticed a water moccasin
    74 | D:5      | Slain by Blork the orc

Illustrated notes

Levels and vault maps discovered:
D:5:      layout_rooms, serial_demonic, serial_demonic_e, serial_demonic_c,
          serial_demonic_a, serial_demonic_a, uniq_eustachio, uniq_blork_the_orc

Skill      XL: |  1 |
---------------+----+-----
Stealth        | 8 |  8.7
Fighting       | |  3.0
Short Blades   | |  2.0
Dodging        | |  2.0

Action                   |  1- 3 |  4- 6 || total
-------------------------+-------+-------++-------
Melee: Short sword       |     2 |     3 ||     5
       Constrict         |     1 |     1 ||     2
       Tentacles         |     1 |       ||     1
  Use: Scroll            |       |     1 ||     1
 Stab: Sleeping          |     1 |       ||     1
Dodge: Dodged            |       |     6 ||     6
